 Dungeon Crawl Stone Soup version 0.17.1-1-g73c8601 (webtiles) character file.

490 Implojin the Cleaver (level 6, -1/51 HPs)
             Began as a Minotaur Berserker on Apr 9, 2016.
             Was a Priest of Trog.
             Slain by an ogre
             ... wielding a cursed -1 giant club
              (27 damage)
             ... on level 6 of the Dungeon.
             The game lasted 00:06:09 (1010 turns).

Implojin the Cleaver (Minotaur Berserker)           Turns: 1010, Time: 00:06:09

Health: -1/51      AC:  5    Str: 22    XL:     6   Next: 90%
Magic:  5/5        EV: 11    Int:  4    God:    Trog [***...]
Gold:   17         SH:  0    Dex: 11    Spells: 0 memorised, 5 levels left

rFire  . . .     SeeInvis .     r - +5 whip of Defiance {speed, rElec}
rCold  + . .     Clarity  .     f - +0 ring mail
rNeg   . . .     SustAt   .     (no shield)
rPois  .         Gourm    .     (helmet restricted)
rElec  +         Spirit   .     (no cloak)
rCorr  .         Warding  .     (no gloves)
rMut   .         Stasis   .     (no boots)
MR     .....                    (no amulet)
Stlth  +.........               (no ring)
                                n - ring of protection from cold

@: not resistant to hostile enchantments, very unstealthy
A: retaliatory headbutt, horns 2
a: Berserk, Trog's Hand, Burn Spellbooks, Renounce Religion


You were on level 6 of the Dungeon.
You worshipped Trog.
Trog was most pleased with you.
You were not hungry.

You visited 1 branch of the dungeon, and saw 6 of its levels.

You collected 43 gold pieces.
You spent 26 gold pieces at shops.

Inventory:

Hand Weapons
 a - a +0 hand axe
 r - the +5 whip of Defiance (weapon) {speed, rElec}
   (You found it on level 6 of the Dungeon)

   Attacks with this weapon are significantly faster.
   It insulates you from electricity.
Armour
 f - a +0 ring mail (worn)
Jewellery
 n - a ring of protection from cold (left hand)
Wands
 i - a wand of polymorph (11)
Scrolls
 g - a scroll of remove curse
 j - a scroll of immolation
 o - a scroll of random uselessness {unknown}
 q - a scroll of enchant weapon {unknown}
Potions
 b - a potion of degeneration
 d - 3 potions of curing
 h - a potion of might
 l - a potion of magic
 m - a potion of berserk rage
Comestibles
 c - a bread ration
 k - a meat ration
 p - 3 chunks of flesh


   Skills:
 - Level 3.6 Fighting
 * Level 9.4 Axes
 - Level 2.4 Armour
 - Level 2.1 Dodging


You had 5 spell levels left.
You didn't know any spells.

Dungeon Overview and Level Annotations

Branches:
Dungeon (6/15)
 Temple: D:4-7

Altars:
Trog

Shops:
D:4 ?


Innate Abilities, Weirdness & Mutations

You reflexively headbutt those who attack you in melee.
You have a pair of horns on your head.


Message History

You whack the jackal!
You kill the jackal!
Trog accepts your kill.
An orc comes into view. It is wielding a dagger.
An ogre comes into view. It is wielding a giant club.
The ogre shouts!
The orc shouts!
The jackal misses you. The jackal bites you.
* * * LOW HITPOINT WARNING * * *
Found a stone staircase leading down and a stone staircase leading up.
The jackal misses you.
The jackal bites you but does no damage.
You closely miss the jackal. You headbutt the jackal.
The jackal is severely wounded.
You hit the jackal.
You kill the jackal!
Trog accepts your kill.
The jackal bites you but does no damage.
You hit the jackal.
The jackal is almost dead.
The jackal bites you but does no damage.
You barely miss the jackal.
The jackal is almost dead.
The jackal bites you but does no damage.
You completely miss the jackal.
The jackal is almost dead.
You whack the jackal!
You kill the jackal!
Trog accepts your kill.
You hit the ogre.
The ogre is moderately wounded.
The ogre barely misses you.
You hit the ogre.
The ogre is heavily wounded.
You hit the ogre. You headbutt the ogre.
The ogre is severely wounded.
You barely miss the ogre. You headbutt the ogre.
The ogre is severely wounded.
The ogre hits you with a giant club!!
Ouch! That really hurt!
You die...

..# #..............#.....
..####.$.................
..................#####.
......#..##.#..#....#
..###....##..#.#..#.###
..# ###..###.#....#...#
..# #...##.#..#.....# ..
.## ###.# #...#....##....
..# ....##.@#.†........
#...# ........Og.........
.#... ......#.##.........
......
........#....[.....
#.####
........>.....#.... #
....(.........##...
..............# ...
...........<... ..
...###.........


You could see an ogre and a gnoll.

Vanquished Creatures
  The ghost of Implojin the Cleaver, an amateur MiBe of Trog (D:5)
  A giant frog (D:6)
  An orc wizard (D:4)
  3 worker ants
  Robin (D:3)
  A worker ant zombie (D:6)
  2 adders (D:6)
  An ooze (D:3)
  An adder zombie (D:5)
  A worm (D:2)
  4 giant geckos
  2 orcs (D:4)
  A bat (D:2)
  2 giant cockroaches
  8 hobgoblins
  A kobold (D:1)
  2 quokkas
  A giant newt (D:4)
  11 goblins
  11 jackals
56 creatures vanquished.

Notes
Turn   | Place    | Note
--------------------------------------------------------------
     0 | D:1      | Implojin the Minotaur Berserker began the quest for the Orb.
     0 | D:1      | Reached XP level 1. HP: 19/19 MP: 0/0
    31 | D:1      | Reached skill level 4 in Axes
    75 | D:1      | Reached XP level 2. HP: 8/26 MP: 1/1
   313 | D:2      | Reached ** piety under Trog
   329 | D:3      | Reached skill level 5 in Axes
   340 | D:3      | Reached XP level 3. HP: 31/31 MP: 2/2
   362 | D:3      | Noticed Robin
   370 | D:3      | Killed Robin
   513 | D:4      | Reached skill level 6 in Axes
   513 | D:4      | Reached XP level 4. HP: 35/39 MP: 3/3
   523 | D:4      | Found Xawyklug's Magic Scroll Shoppe.
   531 | D:4      | Bought a scroll of identify for 26 gold pieces
   589 | D:4      | Found a bloodstained altar of Trog.
   742 | D:5      | Entered Level 5 of the Dungeon
   742 | D:5      | Noticed Implojin's ghost (amateur MiBe)
   757 | D:5      | Killed Implojin's ghost
   757 | D:5      | Reached skill level 8 in Axes
   757 | D:5      | Reached XP level 5. HP: 17/45 MP: 4/4
   757 | D:5      | Reached XP level 6. HP: 19/51 MP: 5/5
   868 | D:5      | Reached *** piety under Trog
   907 | D:6      | Reached skill level 9 in Axes
   948 | D:6      | Got an encrusted whip
   949 | D:6      | Identified the +5 whip of Defiance {speed, rElec} (You found it on level 6 of the Dungeon)
  1010 | D:6      | Slain by an ogre

Action                   |  1- 3 |  4- 6 || total
-------------------------+-------+-------++-------
Melee: Hand axe          |    65 |    63 ||   128
       Whip              |       |    17 ||    17
Invok: Berserk           |     2 |     1 ||     3
  Use: Scroll            |       |     7 ||     7
  Eat: Chunk             |     1 |       ||     1
       Bread ration      |       |     1 ||     1

Table legend:
 A = Turns spent in this place as a percentage of turns spent in the entire game.
 B = Non-inter-level travel turns spent in this place as a percentage of non-inter-level travel turns spent in the entire game.
 C = Inter-level travel turns spent in this place as a percentage of turns spent in this place.
 D = Turns resting spent in this place as a percentage of non-inter-level travel turns spent in this place.
 E = Turns spent auto-exploring this place as a percentage of non-inter-level travel turns spent in this place.
 F = Non-inter-level travel turns spent in this place divided by the number of levels of this place that you've seen.
                   A       B       C       D       E      F
               +-------+-------+-------+-------+-------+----------------------
         Total | 100.0 | 100.0 |   0.0 |   0.2 |   0.0 | 160.8
       Dungeon | 100.0 | 100.0 |   0.0 |   0.2 |   0.0 | 160.8
               +-------+-------+-------+-------+-------+----------------------

Table legend:
 A = Kills in this place as a percentage of kills in entire the game.
 B = Kills by you in this place as a percentage of kills by you in the entire game.
 C = Kills by friends in this place as a percentage of kills by friends in the entire game.
 D = Other kills in this place as a percentage of other kills in the entire game.
 E = Experience gained in this place as a percentage of experience gained in the entire game.
 F = Experience gained in this place divided by the number of levels of this place that you have seen.
                   A       B       C       D       E      F
               +-------+-------+-------+-------+-------+----------------------
         Total | 100.0 | 100.0 |  -nan |  -nan | 100.0 | 116.7
       Dungeon | 100.0 | 100.0 |  -nan |  -nan | 100.0 | 116.7
               +-------+-------+-------+-------+-------+----------------------
